 Dungeon Crawl Stone Soup version 0.31-a0-744-gbc345e7fcb (webtiles) character file.

Game seed: 12429713969408014548

24334 ytrimaz the Metamorph (level 12, -5/95 HPs)
             Began as a Pale Draconian Shapeshifter on Sept 13, 2023.
             Was a High Priest of Hepliaklqana.
             Slain by an orc knight
             ... wielding a +0 battleaxe
              (19 damage)
             ... on level 13 of the Dungeon.
             The game lasted 00:23:58 (14082 turns).

ytrimaz the Metamorph (DrSh)                       Turns: 14082, Time: 00:23:58

Health: -5/95      AC:  4    Str: 17    XL:     12   Next: 79%
Magic:  12/12      EV: 14    Int: 18    God:    Hepliaklqana [*****.]
Gold:   936        SH:  0    Dex: 14    Spells: 11/11 levels left

rFire   . .          .
                       - Unarmed
rCold   . . .        (shield currently unavailable)
rNeg    + . .        (body armour unavailable)
rPois   .            (helmet restricted)
rElec   .            D - scarf "Taom Bel" {shadows, Will++ Int+6}
rCorr   .            (gloves currently unavailable)
SInv    .            (no boots)
Will    ++...        j - amulet of faith
Stlth   +            t - ring of positive energy
HPRegen 0.35/turn    (no ring)
MPRegen 0.13/turn

%: faith
@: short of breath, blade hands, corroded
A: reduced essence, breathe steam, AC +8, unfitting armour, cold-blooded, steam
resistance
a: Breathe Steam, Begin Untransformation, Renounce Religion, Recall Ancestor,
Ancestor Identity, Transference, Idealise


You were on level 13 of the Dungeon.
You worshipped Hepliaklqana.
Hepliaklqana was extremely pleased with you.
You had blades for hands.
You visited 3 branches of the dungeon, and saw 16 of its levels.
You also visited: Ossuary.

You collected 936 gold pieces.


Innate Abilities, Weirdness & Mutations

You have blades for hands.
You are incapable of wielding weapons or throwing items.
Your life essence is reduced to manifest your ancestor. (-10% HP)
You can breathe blasts of scalding, opaque steam.
Your pale cyan-grey scales are hard. (AC +8)
You cannot fit into any form of body armour.
You are cold-blooded and may be slowed by cold attacks.
You are immune to the effects of steam.


   Skills:
 - Level 10.0 Fighting
 + Level 5.6 Dodging
 - Level 10.0 Unarmed Combat
 + Level 15.4 Shapeshifting


You had 11 spell levels left.
You didn't know any spells.
Your spell library contained the following spells:

 Spells                   Type           Power      Damage    Failure   Level
 Magic Dart               Conj           0%         1d3       22%         1
 Summon Small Mammal      Summ           0%         N/A       22%         1
 Call Imp                 Summ           0%         N/A       32%         2
 Ensorcelled Hibernation  Hex/Ice        0%         N/A       32%         2
 Jinxbite                 Hex            0%         N/A       32%         2
 Call Canine Familiar     Summ           0%         N/A       54%         3
 Mephitic Cloud           Conj/Pois/Air  0%         N/A       54%         3
 Summon Guardian Golem    Hex/Summ       0%         N/A       54%         3
 Anguish                  Hex/Necr       0%         N/A       91%         4
 Olgreb's Toxic Radiance  Pois           0%         N/A       91%         4
 Summon Forest            Summ/Tloc      0%         N/A       99%         5
 Summon Mana Viper        Hex/Summ       0%         N/A       99%         5
 Summon Cactus Giant      Summ           0%         N/A       100%        6
 Discord                  Hex            0%         N/A       100%        8
 Ignition                 Fire           0%         3d3       100%        8

Inventory:

Missiles
 q - 2 throwing nets
Armour
 e - a scarf of invisibility
   (You found it on level 1 of the Dungeon)
 f - a +0 pair of gloves
   (You found it on level 5 of the Dungeon)
 D - the scarf "Taom Bel" (worn) {shadows, Will++ Int+6}
   (You found it on level 9 of the Dungeon)

   Int+6:     It affects your intelligence (+6).
   Will++:    It greatly increases your willpower.
Jewellery
 j - an amulet of faith (around neck)
   (You found it on level 2 of the Dungeon)
 t - a ring of positive energy (left blade hand)
   (You found it on level 4 of the Dungeon)
 E - a +6 ring of intelligence
   (You found it on level 10 of the Dungeon)
Talismans
 b - a beast talisman
 c - a flux talisman
 G - a blade talisman (active)
   (You found it on level 10 of the Dungeon)
Wands
 k - a wand of flame (4)
   (You took it off a crimson imp on level 7 of the Dungeon)
 y - a wand of paralysis (9)
   (You found it on level 7 of the Dungeon)
 A - a wand of mindburst (7)
   (You found it on level 9 of the Dungeon)
 K - a wand of roots (8)
   (You found it on level 11 of the Dungeon)
Scrolls
 d - 3 scrolls of poison
 g - 2 scrolls of fog
 h - 2 scrolls of enchant weapon
 m - 2 scrolls of vulnerability
 p - 2 scrolls of immolation
 v - 2 scrolls of brand weapon
 w - 2 scrolls of enchant armour
 B - 5 scrolls of noise
 C - a scroll of blinking
 F - 2 scrolls of amnesia
Potions
 a - 2 potions of lignification
 l - 5 potions of curing
 n - 5 potions of attraction
 o - 3 potions of mutation
 r - 2 potions of magic
 s - 2 potions of brilliance {unknown}
 u - 2 potions of degeneration {unknown}
 x - a potion of ambrosia
 z - a potion of invisibility
 H - a potion of resistance {unknown}
 J - a potion of might {unknown}

Dungeon Overview and Level Annotations

Branches:
Dungeon (14/15) Zot: 26614  Temple (1/1) D:4 Zot: 5922    Lair (0/5) D:9
    Orc (1/2) D:9 Zot: 5988 Ossuary (visited)
 Vaults: D:13-14

Altars:
Ashenzari
Cheibriados
Dithmenos
Elyvilon
Fedhas
Hepliaklqana
Kikubaaqudgha
Makhleb
Nemelex Xobeh
Qazlal
Ru
Sif Muna
Trog
Uskayaw
Vehumet
Wu Jian
Xom
Yredelemnul
Zin
The Shining One
Lugonu

Shops:
D:4 ?   D:14 *

Portals:
Abyss: D:7

Annotations:
D:3 1 runed translucent door, Age's ghost, weakling MiFi
D:8 2 runed translucent doors
D:11 3 runed translucent doors, demibob's ghost, journeyman GnWn
D:14 1 transporter

###.#..#.#####...
#........Ro# #...
##.#..#)##..#...
# # #.o#.# .#...
.. #..##. ##..
... #..# .. ###
..ยง. #.R# ###
....$######..#
..ยง..ยง@oRoo.##
#############


You could see the friendly Cihuaton the hexer, an orc knight (drained), an orc
priest (strong, ally target) and an orc wizard (strong).


Message History

A centaur warrior skeleton and an orc warrior come into view.
There are monsters nearby!
There are monsters nearby!
There are monsters nearby!
There are monsters nearby!
Unknown command.
An orc priest comes into view. It is wielding a +0 mace.
The orc priest shouts!
The orc warrior shouts!
You hear a shout!
An orc knight comes into view.
It is wielding a +0 battleaxe and wearing a +1 plate armour of willpower.
An orc priest comes into view. It is wielding a +0 whip.
Cihuaton gestures at the orc warrior while chanting.
The orc warrior seems to slow down.
The orc priest shouts!
You slash the orc warrior!
You tail-slap the orc warrior, but do no damage.
An orc wizard comes into view.
It is wielding a +2 dagger of protection.
The orc priest misses you.
Cihuaton hits the orc priest with a +0 dagger of draining.
Unknown command.
You slice the orc warrior!!
You kill the orc warrior!
Cihuaton hits the orc priest with a +0 dagger of draining!
The orc priest dies!
The orc priest looks braver for a moment.
Unknown command.
The orc priest miscasts a cantrip.
The orc knight attacks as it pursues you!
The orc knight hits you with a +0 battleaxe! ๐Ÿ˜• HP[-17]
You take 17 damage, and now have 78/95 hp. ๐Ÿ˜• HP[+1]
The orc priest begins to cast a cantrip, but forgets the words!
The orc knight attacks as it pursues you!
The orc knight hits you with a +0 battleaxe! ๐Ÿ˜ฎ HP[-10]
You take 10 damage, and now have 69/95 hp.
The orc knight roars a battlecry!
The orc priest goes into a battle-frenzy!
A brown ugly thing comes into view. ๐Ÿ˜ฎ HP[+1]
The brown ugly thing gurgles horribly! ๐Ÿ˜ฎ HP[+1]
Aiming: Breathe Steam (1% risk of failure)
Press: ? - help, Q - select action, (/) - cycle Shift-Dir - straight line, f - brown ugly thing
Aim: a brown ugly thing (74% to hit)
You exhale a blast of scalding steam.
The ball of steam hits the brown ugly thing.
The brown ugly thing is engulfed in a cloud of scalding steam.
The brown ugly thing stings you! The acid corrodes you!
You are splashed with acid!
The orc priest miscasts a cantrip. ๐Ÿ˜ฎ HP[-18]
You take 18 damage, and now have 53/95 hp.
Unknown command.
You slice the brown ugly thing!!
You tail-slap the brown ugly thing, but do no damage.
The brown ugly thing is engulfed in a cloud of scalding steam.
The brown ugly thing stings you.
You are splashed with acid.
* * * LOW HITPOINT WARNING * * *
๐Ÿ˜จ HP[-9]
You take 9 damage, and now have 44/95 hp.
You barely miss the brown ugly thing. The orc knight closely misses you.
The orc knight hits Cihuaton with a +0 battleaxe!
Cihuaton hits the orc knight but does no damage.
Cihuaton drains the orc knight.
The brown ugly thing is engulfed in a cloud of scalding steam.
The brown ugly thing stings you.
* * * LOW HITPOINT WARNING * * *
You are splashed with acid!
* * * LOW HITPOINT WARNING * * *
Cihuaton hits the orc knight with a +0 dagger of draining!
Unknown command. ๐Ÿ˜จ HP[-12]
You take 12 damage, and now have 32/95 hp.
You barely miss the brown ugly thing.
The orc priest invokes the aid of Beogh against you.
Beogh smites you!
* * * LOW HITPOINT WARNING * * *
The orc knight closely misses you.
The orc knight hits Cihuaton with a +0 battleaxe!
Cihuaton completely misses the orc knight. ๐Ÿ˜ฑ HP[-9]
You take 9 damage, and now have 23/95 hp.
You slice the brown ugly thing!!
You kill the brown ugly thing!
Cihuaton misses the orc knight.
The orc knight hits you with a +0 battleaxe!!
* * * LOW HITPOINT WARNING * * *
The orc knight hits Cihuaton with a +0 battleaxe!
Cihuaton hits the orc knight but does no damage.
Unknown command. ๐Ÿ˜ฑ HP[-20]
You take 20 damage, and now have 3/95 hp.
MASSIVE DAMAGE!! (PAUSE) Unknown command.
You feel better.
Cihuaton hits the orc knight with a +0 dagger of draining.
The orc priest hits Cihuaton with a +0 whip.
The orc knight hits you with a +0 battleaxe!!
You die...

Skill      XL: |  1  2  3  4  5  6  7  8  9 10 11 12 |
---------------+-------------------------------------+-----
Fighting       | 2 3 4 6 7 9 10 | 10.0
Unarmed Combat | 4 5 6 7 8 10 | 10.0
Shapeshifting  | 4 5 7 8 10 13 15 | 15.4
Dodging        | 5 |  5.6

Action                     |  1- 3 |  4- 6 |  7- 9 | 10-12 || total
---------------------------+-------+-------+-------+-------++-------
  Melee: Unarmed           |   106 |   134 |   138 |   354 ||   732
         Tailslap          |    11 |    19 |    17 |    52 ||    99
         Punch             |     2 |     4 |     9 |    22 ||    37
 Invoke: Ancestor Life: He |       |       |     1 |       ||     1
         Recall Ancestor   |       |       |       |     1 ||     1
Ability: Breathe Steam     |       |       |    34 |    54 ||    88
  Evoke: Wand              |       |       |       |     2 ||     2
    Use: Potion            |     1 |     3 |     1 |     8 ||    13
         Scroll            |       |     8 |     6 |     6 ||    20
   Stab: Sleeping          |     4 |       |       |       ||     4
         Confused          |       |       |     1 |     6 ||     7
         Distracted        |       |       |       |     1 ||     1
         Invisible         |       |       |       |     3 ||     3
 Armour: Skin              |    69 |    73 |   107 |   246 ||   495
  Dodge: Dodged            |    73 |    85 |    87 |   176 ||   421
   Form: Blade             |       |       |       |     1 ||     1

Levels and vault maps discovered:
D:1:      minmay_arrival_diagonal_passages, layout_basic, serial_forest,
          infiniplex_forest_clump_cross, infiniplex_forest_diagonal,
          infiniplex_forest_lined_room_, infiniplex_forest_straight_5,
          infiniplex_forest_lined_1
D:2:      layout_loops_corners, hellmonk_ecumenical_altar_run_dry, basic_altar
D:3:      layout_loops_ring, gammafunk_ghost_grave
D:4:      layout_basic, nicolae_ru_the_path_less_chosen,
          minmay_temple_entry_proselytizer, serial_shops,
          nicolae_shop_rolled_up, minmay_fractal_squares_5
D:5:      layout_rooms, nicolae_uskayaw_en_pointe, grunt_decor_cap
D:6:      layout_basic, kennysheep_mini, mainiacjoe_overflow_boulevard,
          chequers_ossuary_entry_cave, uniq_maggie, uniq_menkaure
D:7:      erik_cavepeople, layout_basic,
          grunt_temple_overflow_lords_of_destruction,
          amcnicky_altar_lugonu_corruption, uniq_pikel
D:8:      cheibrodos_quashed, layout_loops_ring,
          mainiacjoe_overflow_catwalk_spiral, jmf_multi_god_temple2,
          amcnicky_altar_gilded, minmay_fire_ice_demons
D:9:      layout_small_grid, minmay_lair_entry_grove, orc_0_dummy,
          corexii_hall_statues_x, kennysheep_nub
D:10:     layout_basic, kennysheep_mini_moat
D:11:     layout_basic, gammafunk_ghost_icy, uniq_gastronok, uniq_nergalle,
          uniq_urug
D:12:     layout_rooms
D:13:     layout_rooms, hangedman_vaults_entry_quadrant_bands,
          nicolae_trove_entry_crystal, minmay_misc_feat_pillars
D:14:     layout_loops_ring, nicolae_water_bricks, serial_shops,
          nicolae_shop_drivethru
Temple:   nicolae_temple_ecumenical_triangle
Orc:1:    layout_caves, bh_open_orc_temple

Notes
Turn   | Place    | Note
-------+----------+-------------------------------------------
     0 | D:1      | ytrimaz the Draconian Shapeshifter began the quest for the
                  | Orb.
     0 | D:1      | Reached XP level 1. HP: 16/16 MP: 1/1
     0 | D:1      | magus.rc [v1.9.6]
    63 | D:1      | You pick up a book of the Wilderness and begin reading...
    63 | D:1      | You add the spells Summon Forest, Summon Mana Viper and
                  | Summon Cactus Giant to your library.
   237 | D:1      | Reached XP level 2. HP: 20/23 MP: 2/2
   933 | D:2      | Reached skill level 2 in Fighting
   971 | D:2      | Found an ancient bone altar of Kikubaaqudgha.
  1080 | D:2      | Found a faded altar of an unknown god.
  1209 | D:2      | Reached XP level 3. HP: 24/29 MP: 3/3
  1830 | D:3      | You pick up a book of Minor Magic and begin reading...
  1830 | D:3      | You add the spells Magic Dart, Call Imp and Mephitic Cloud
                  | to your library.
  1907 | D:3      | HP: 7/30 [orc/+0 hand axe (6)]
  1913 | D:3      | Reached XP level 4. HP: 9/37 MP: 4/4
  2146 | D:3      | You pick up a book of Dreams and begin reading...
  2146 | D:3      | You add the spells Jinxbite, Ensorcelled Hibernation and
                  | Anguish to your library.
  2167 | D:3      | Reached skill level 3 in Fighting
  2224 | D:3      | You add the spells Olgreb's Toxic Radiance, Ignition and
                  | Discord to your library.
  2401 | D:3      | Found a runed translucent door.
  2402 | D:3      | Noticed Age's ghost (weakling MiFi)
  2764 | D:4      | Reached skill level 4 in Unarmed Combat
  2764 | D:4      | Reached XP level 5. HP: 28/45 MP: 5/5
  2770 | D:4      | Reached skill level 4 in Shapeshifting
  2780 | D:4      | HP: 2/45 [orc priest/divine providence (16)]
  2791 | D:4      | HP: 11/45 [orc priest/+0 whip (3)]
  2796 | D:4      | Found a staircase to the Ecumenical Temple.
  2876 | Temple   | Entered the Ecumenical Temple
  2944 | Temple   | Became a worshipper of Hepliaklqana the Forgotten
  2974 | D:4      | Noticed an ogre
  2984 | D:4      | Killed an ogre
  2985 | D:4      | Reached skill level 4 in Fighting
  2985 | D:4      | Reached XP level 6. HP: 22/52 MP: 6/6
  3157 | D:4      | Reached skill level 5 in Unarmed Combat
  3477 | D:4      | HP: 9/53 [acid (7)]
  3889 | D:4      | Found Apusuzxu's Magic Scroll Shoppe.
  3896 | D:4      | Reached * piety under Hepliaklqana
  4024 | D:4      | Found a sacrificial altar of Ru.
  4102 | D:4      | Your scales start taking on a pale cyan-grey colour.
  4102 | D:4      | Reached XP level 7. HP: 49/54 MP: 7/7
  4102 | D:4      | Gained mutation: You are immune to the effects of steam.
                  | [Pale Draconian growth]
  4219 | D:5      | Entered Level 5 of the Dungeon
  4245 | D:5      | Reached skill level 5 in Fighting
  4255 | D:5      | Reached skill level 5 in Shapeshifting
  4333 | D:5      | Noticed a +0 spear
  4335 | D:5      | Noticed a +0 dagger
  4335 | D:5      | Noticed a +0 spear
  4336 | D:5      | Noticed a +0 short sword
  4336 | D:5      | Noticed a +0 falchion
  4336 | D:5      | Noticed a +0 dagger
  4337 | D:5      | Noticed a +0 short sword
  4337 | D:5      | Noticed a +0 falchion
  4464 | D:5      | Found a hide-covered altar of Uskayaw.
  4646 | D:5      | Noticed a yak
  4647 | D:5      | Noticed a yak
  4647 | D:5      | Noticed a yak
  4653 | D:5      | Killed a yak
  4655 | D:5      | Noticed a yak
  4656 | D:5      | Noticed a yak
  4669 | D:5      | Killed a yak
  4670 | D:5      | Reached skill level 6 in Fighting
  4670 | D:5      | Reached skill level 6 in Unarmed Combat
  4670 | D:5      | Reached XP level 8. HP: 63/63 MP: 8/8
  4672 | D:5      | Reached skill level 6 in Shapeshifting
  4881 | D:5      | Reached skill level 7 in Fighting
  5075 | D:5      | Reached skill level 7 in Unarmed Combat
  5250 | D:6      | Noticed Menkaure
  5259 | D:6      | Killed Menkaure
  5262 | D:6      | Reached ** piety under Hepliaklqana
  5275 | D:6      | Remembered your ancestor Cihuaton as a hexer
  5395 | D:6      | Noticed Maggie
  5397 | D:6      | Found a sand-covered staircase.
  5407 | D:6      | Killed Maggie
  5408 | D:6      | Reached skill level 7 in Shapeshifting
  5408 | D:6      | Reached XP level 9. HP: 25/72 MP: 9/9
  5420 | Ossuary  | Entered an ossuary
  5526 | Ossuary  | HP: 17/72 [mummy (11)]
  5532 | Ossuary  | HP: 21/108 [mummy (1)]
  6024 | D:6      | Reached skill level 8 in Fighting
  6203 | D:6      | Reached skill level 8 in Unarmed Combat
  6311 | D:6      | You pick up a book of Callings and begin reading...
  6311 | D:6      | You add the spells Summon Small Mammal, Call Canine
                  | Familiar and Summon Guardian Golem to your library.
  6465 | D:6      | Found a glowing golden altar of the Shining One.
  6667 | D:6      | Found a blossoming altar of Fedhas.
  6905 | D:7      | Reached skill level 9 in Fighting
  6905 | D:7      | Reached skill level 8 in Shapeshifting
  7102 | D:7      | Noticed Pikel
  7114 | D:7      | Killed Pikel
  7115 | D:7      | Reached XP level 10. HP: 43/81 MP: 10/10
  7210 | D:7      | Found a corrupted altar of Lugonu.
  7280 | D:7      | Found a one-way gate to the infinite horrors of the Abyss.
  7386 | D:7      | Reached *** piety under Hepliaklqana
  7432 | D:7      | Noticed Psyche
  7438 | D:7      | Reached skill level 9 in Unarmed Combat
  7470 | D:7      | Killed Psyche
  7493 | D:7      | Reached skill level 10 in Fighting
  7496 | D:7      | HP: 20/83 [yak (7)]
  7511 | D:7      | HP: 20/83 [yak (10)]
  7517 | D:7      | Reached skill level 9 in Shapeshifting
  7892 | D:7      | Found a burning altar of Makhleb.
  7893 | D:7      | Found a radiant altar of Vehumet.
  7926 | D:7      | Reached skill level 10 in Unarmed Combat
  8399 | D:8      | Reached skill level 10 in Shapeshifting
  8406 | D:8      | Found a basalt altar of Yredelemnul.
  8443 | D:8      | Found a white marble altar of Elyvilon.
  8516 | D:8      | Found a stormy altar of Qazlal.
  8869 | D:8      | Reached XP level 11. HP: 39/89 MP: 11/11
  9030 | D:8      | Found a large runed translucent door.
  9030 | D:8      | Found a large runed translucent door.
  9042 | D:8      | Reached **** piety under Hepliaklqana
  9314 | D:9      | Found a staircase to the Orcish Mines.
  9391 | D:9      | Identified the scarf "Taom Bel" {shadows, Will++ Int+6}
  9430 | D:9      | Reached skill level 11 in Shapeshifting
  9494 | D:9      | Noticed a two-headed ogre
  9507 | D:9      | Killed a two-headed ogre
  9623 | D:9      | HP: 14/89 [troll (9)]
  9625 | D:9      | Reached skill level 12 in Shapeshifting
  9891 | D:9      | Found a staircase to the Lair.
 10087 | D:9      | Noticed a two-headed ogre
 10091 | D:9      | Killed a two-headed ogre
 10252 | Orc:1    | Entered Level 1 of the Orcish Mines
 10442 | D:10     | Entered Level 10 of the Dungeon
 10602 | D:10     | Found a snail-covered altar of Cheibriados.
 10643 | D:10     | Reached skill level 13 in Shapeshifting
 10967 | D:10     | HP: 21/89 [poisoned by a kobold]
 10972 | D:10     | HP: 15/89 [poisoned by a kobold]
 11226 | D:10     | Reached ***** piety under Hepliaklqana
 11536 | D:10     | Reached XP level 12. HP: 84/95 MP: 12/12
 11557 | D:10     | Reached skill level 14 in Shapeshifting
 11991 | D:11     | Noticed a two-headed ogre
 11997 | D:11     | Killed a two-headed ogre
 12141 | D:11     | Identified the +8 giant club of Laceration {venom, rPois
                  | Str+3 Stlth+}
 12217 | D:11     | Noticed a two-headed ogre
 12224 | D:11     | Killed a two-headed ogre
 12307 | D:11     | HP: 18/95 [cane toad (shapeshifter) (17)]
 12311 | D:11     | Reached skill level 2 in Dodging
 12523 | D:11     | Found a runed translucent gate.
 12524 | D:11     | Found a runed translucent gate.
 12525 | D:11     | Found a runed translucent gate.
 12600 | D:11     | Noticed a two-headed ogre
 12605 | D:11     | Killed a two-headed ogre
 12683 | D:11     | Noticed Gastronok
 12694 | D:11     | Killed Gastronok
 12695 | D:11     | Reached skill level 3 in Dodging
 13045 | D:11     | Noticed demibob's ghost (journeyman GnWn)
 13059 | D:11     | Noticed Nergalle
 13059 | D:11     | Noticed a boulder beetle
 13069 | D:11     | Killed a boulder beetle
 13078 | D:11     | Killed Nergalle
 13079 | D:11     | Reached skill level 4 in Dodging
 13079 | D:11     | Reached skill level 15 in Shapeshifting
 13271 | D:11     | You fall into a shaft and drop 3 floors!
 13302 | D:14     | Found a transporter.
 13304 | D:14     | Found Aptummof's General Store.
 13322 | D:14     | HP: 21/95 [centaur warrior simulacrum (23)]
 13563 | D:14     | Noticed a boulder beetle
 13575 | D:14     | Killed a boulder beetle
 13710 | D:13     | Noticed a centaur warrior
 13712 | D:13     | Noticed a boulder beetle
 13720 | D:13     | Killed a centaur warrior
 13721 | D:13     | Reached skill level 5 in Dodging
 13722 | D:13     | HP: 21/95 [troll (3)]
 13724 | D:13     | HP: 6/95 [something (6)]
 13730 | D:13     | HP: 33/142 [boulder beetle (4)]
 13735 | D:13     | HP: 18/142 [boulder beetle (3)]
 13738 | D:13     | HP: 8/142 [boulder beetle (10)]
 13740 | D:13     | Killed a boulder beetle
 13743 | D:13     | HP: 12/142 [something (1)]
 13753 | D:13     | HP: 15/142 [something (1)]
 13754 | D:13     | HP: 6/95 [something (4)]
 14080 | D:13     | HP: 23/95 [orc priest/divine providence (9)]
 14081 | D:13     | HP: 3/95 [orc knight/+0 battleaxe (20)]
 14082 | D:13     | Slain by an orc knight

Vanquished Creatures
  Gastronok (D:11)
  A centaur warrior (D:13)
  5 two-headed ogres
  3 boulder beetles
  Nergalle (D:11)
  Pikel (D:7)
  An ugly thing (D:13)
  A manticore (D:11)
  A cane toad (shapeshifter) (D:11)
  2 unseen horrors
  Psyche (D:7)
  A komodo dragon (D:11)
  A troll (D:13)
  A shadow (D:9)
  3 wraiths
  A spriggan (shapeshifter) (D:10)
  A centaur simulacrum (D:14)
  4 humans (D:7)
  5 wyverns
  38 yaks
  Menkaure (D:6)
  3 water moccasins
  6 orc warriors
  An ice beast (D:6)
  A sky beast (D:6)
  An ogre (D:4)
  2 centaurs
  2 lemures (D:7)
  A phantom (D:4)
  3 kobold brigands
  2 bullfrogs (D:7)
  3 scorpions
  11 wights
  7 killer bees
  3 howler monkeys
  2 crimson imps
  10 orc priests
  7 hounds
  2 jellies
  A gnoll bouda (D:7)
  3 sleepcaps
  A hexer (D:9)
  6 iguanas
  8 orc wizards
  8 mummies (Ossuary)
  5 gnolls
  6 adders
  A shadow imp (D:4)
  A white imp (D:8)
  2 dart slugs (D:2)
  53 orcs
  3 endoplasms
  3 giant cockroaches
  5 goblins
  4 hobgoblins
  11 jackals
  2 quokkas
  10 ball pythons
  4 bats (D:2)
  2 frilled lizards
  3 hobgoblin zombies (Ossuary)
  22 kobolds
  3 orc zombies (Ossuary)
  6 rats
  A lurking horror (D:7)
315 creatures vanquished.

Vanquished Creatures (collateral kills)
  Maggie (D:6)
  A troll (D:9)
  9 yaks
  A wyvern (D:9)
  A basilisk (D:9)
  A water moccasin (D:9)
  An orc warrior (Orc:1)
  2 scorpions
  2 wights (D:7)
  2 orc priests
  A hound (D:6)
  6 orc wizards
  3 gnolls
  A dart slug (D:5)
  15 orcs
  A jackal (D:5)
  A hobgoblin zombie (Ossuary)
  A kobold (D:9)
  An orc zombie (Ossuary)
51 creatures vanquished.

Vanquished Creatures (others)
  A human (D:7)
  3 hexers
  2 ancestors
6 creatures vanquished.

Grand Total: 372 creatures vanquished

Table legend:
 A = Non-vault XP
 B = Vault XP
 C = Vault XP percentage of total XP
 D = Non-vault monster count
 E = Vault monster count
 F = Vault count percentage of total count
                 A         B        C        D         E       F
            +---------+---------+-------+---------+---------+-------
      Total |   25945 |    8818 |  25.4 |     300 |      63 |  17.4
            +---------+---------+-------+---------+---------+-------
        D:1 |      23 |       0 |   0.0 |      16 |       0 |   0.0
        D:2 |      57 |       0 |   0.0 |      24 |       0 |   0.0
        D:3 |      76 |       0 |   0.0 |      17 |       0 |   0.0
        D:4 |     448 |     139 |  23.7 |      18 |       8 |  30.8
        D:5 |    1603 |       0 |   0.0 |      42 |       0 |   0.0
        D:6 |     926 |     560 |  37.7 |      16 |       2 |  11.1
        D:7 |    1517 |    3278 |  68.4 |      40 |      19 |  32.2
        D:8 |    2164 |      58 |   2.6 |      37 |       2 |   5.1
        D:9 |    4193 |    2232 |  34.7 |      27 |      12 |  30.8
       D:10 |    5347 |       0 |   0.0 |      37 |       0 |   0.0
       D:11 |    5201 |    2228 |  30.0 |       9 |       2 |  18.2
       D:13 |    2964 |     171 |   5.5 |       9 |       2 |  18.2
       D:14 |    1249 |       0 |   0.0 |       3 |       0 |   0.0
      Orc:1 |     177 |       0 |   0.0 |       5 |       0 |   0.0
    Ossuary |       0 |     152 | 100.0 |       0 |      16 | 100.0
            +---------+---------+-------+---------+---------+-------

Skill      XL: |  1  2  3  4  5  6  7  8  9 10 11 12 |
---------------+-------------------------------------+-----
Fighting       | 2 3 4 6 7 9 10 | 10.0
Unarmed Combat | 4 5 6 7 8 10 | 10.0
Shapeshifting  | 4 5 7 8 10 13 15 | 15.4
Dodging        | 5 |  5.6

Action                     |  1- 3 |  4- 6 |  7- 9 | 10-12 || total
---------------------------+-------+-------+-------+-------++-------
  Melee: Unarmed           |   106 |   134 |   138 |   354 ||   732
         Tailslap          |    11 |    19 |    17 |    52 ||    99
         Punch             |     2 |     4 |     9 |    22 ||    37
 Invoke: Ancestor Life: He |       |       |     1 |       ||     1
         Recall Ancestor   |       |       |       |     1 ||     1
Ability: Breathe Steam     |       |       |    34 |    54 ||    88
  Evoke: Wand              |       |       |       |     2 ||     2
    Use: Potion            |     1 |     3 |     1 |     8 ||    13
         Scroll            |       |     8 |     6 |     6 ||    20
   Stab: Sleeping          |     4 |       |       |       ||     4
         Confused          |       |       |     1 |     6 ||     7
         Distracted        |       |       |       |     1 ||     1
         Invisible         |       |       |       |     3 ||     3
 Armour: Skin              |    69 |    73 |   107 |   246 ||   495
  Dodge: Dodged            |    73 |    85 |    87 |   176 ||   421
   Form: Blade             |       |       |       |     1 ||     1

Illustrated notes

Table legend:
 A = Kills in this place as a percentage of kills in the entire game.
 B = Kills by you in this place as a percentage of kills by you in the entire game.
 C = Kills by friends in this place as a percentage of kills by friends in the entire game.
 D = Other kills in this place as a percentage of other kills in the entire game.
 E = Experience gained in this place as a percentage of experience gained in the entire game.
 F = Experience gained in this place divided by the number of levels of this place that you have seen.
                   A       B       C       D       E      F
               +-------+-------+-------+-------+-------+----------------------
         Total | 100.0 | 100.0 | 100.0 | 100.0 | 100.0 | 2044.9
       Dungeon |  94.2 |  94.8 |  90.2 | 100.0 |  99.1 | 2459.6
  Orcish Mines |   1.4 |   0.6 |   5.9 |   0.0 |   0.5 | 177.0
       Ossuary |   4.4 |   4.5 |   3.9 |   0.0 |   0.4 | 152.0
               +-------+-------+-------+-------+-------+----------------------

Table legend: (Time is in decaauts)
 A = Elapsed time spent in this place.
 B = Non-inter-level travel time spent in this place.
 C = Inter-level travel time spent in this place.
 D = Time resting spent in this place.
 E = Time spent auto-exploring this place.
 F = Levels seen in this place.
 G = Mean time per level.
                   A        B        C        D        E       F      G
               +--------+--------+--------+--------+--------+-----+--------+
         Total |  13992 |  13843 |    149 |    465 |  10834 |  17 |  823.1 |
       Dungeon |  13353 |  13212 |    141 |    389 |  10443 |  14 |  953.8 |
        Temple |     77 |     69 |      8 |      0 |     43 |   1 |   77.0 |
  Orcish Mines |     11 |     11 |      0 |      0 |      0 |   1 |   11.0 |
       Ossuary |    549 |    549 |      0 |     76 |    348 |   1 |  549.0 |
               +--------+--------+--------+--------+--------+-----+--------+

Top non-repeatable levels by time:
    D:10: 1547 daAuts
     D:4: 1377 daAuts
     D:7: 1277 daAuts
    D:11: 1271 daAuts
     D:9: 1218 daAuts
     D:8: 1160 daAuts
     D:6: 997 daAuts
     D:3: 963 daAuts
     D:5: 946 daAuts
     D:2: 931 daAuts
     D:1: 850 daAuts
 Ossuary: 549 daAuts
    D:14: 422 daAuts
    D:13: 386 daAuts
  Temple: 77 daAuts
